 Dungeon Crawl Stone Soup version 0.27-a0-860-gaf99fae3ca (webtiles) character file.

Game seed: 14133057879450470954

653 stormannn the Magician (level 7, -3/45 HPs)
             Began as a Djinni Ice Elementalist on Apr 1, 2021.
             Was a Follower of Makhleb.
             Slain by an acid dragon (13 damage)
             ... on level 5 of the Dungeon.
             The game lasted 00:16:57 (7494 turns).

stormannn the Magician (Djinni Ice Elementalist)    Turns: 7494, Time: 00:16:59

Health: -3/45      AC:  2    Str:  7    XL:     7   Next: 54%
Gold:   196        EV: 13    Int: 19    God:    Makhleb [*.....] SH:  5 Dex: 13

rFire    + + .     SeeInvis .   d - +1 dagger (venom)
rCold    x . .     Faith    .   c - +0 buckler
rNeg     . . .     Spirit   .   a - +0 robe
rPois    ∞         Reflect  .   (no helmet)
rElec    .         Harm     .   t - scarf {shadows}
rCorr    .         Rampage  .   (no gloves)
Will     +....     Clarity  +   (boots unavailable)
Stlth    ++........             (no amulet)
HPRegen  0.15/turn              (no ring)
MPRegen  0.00/turn              (no ring)

@: flying
A: fire resistance 2, cold vulnerability 1, float, innate caster, hp casting,
extra vitality 1, clarity, strong-willed 1, mutation resistance 1
a: Renounce Religion


You were on level 5 of the Dungeon.
You worshipped Makhleb.
Makhleb was aware of your devotion.
You visited 2 branches of the dungeon, and saw 6 of its levels.
You also visited: Sewer.

You collected 196 gold pieces.

Inventory:

Hand Weapons
 d - a +1 dagger of venom (weapon)
Armour
 a - a +0 robe (worn)
 c - a +0 buckler (worn)
 t - a scarf of shadows (worn)
Scrolls
 b - 2 scrolls of enchant armour {unknown}
 e - a scroll of immolation {unknown}
 g - 2 scrolls of fear {unknown}
 h - 7 scrolls of teleportation {unknown}
 j - 2 scrolls of torment {unknown}
 k - 2 scrolls of magic mapping {unknown}
 l - a scroll of noise {unknown}
 m - a scroll of silence {unknown}
 n - 2 scrolls of blinking {unknown}
 q - 2 scrolls of fog {unknown}
 r - a scroll of identify {unknown}
 s - a scroll of vulnerability {unknown}
Potions
 f - a potion of degeneration {unknown}
 i - a potion of invisibility
 o - a potion of lignification
 p - 3 potions of flight
 v - a potion of brilliance {unknown}
 w - 2 potions of magic {unknown}
 x - 3 potions of curing {unknown}
 z - a potion of haste {unknown}
 A - a potion of might {unknown}
 B - a potion of heal wounds {unknown}


   Skills:
 + Level 4.6 Dodging
 - Level 1.5 Stealth
 - Level 4.0 Shields
 * Level 5.9 Spellcasting


You couldn't memorise any spells.
You knew the following spells:

 Your Spells              Type           Power      Damage    Failure   Level
a - Freeze                Ice            100%       1d11      1%          1
b - Frozen Ramparts       Ice            56%        1d7       3%          3
c - Ozocubu's Armour      Ice            28%        N/A       3%          3
d - Hailstorm             Conj/Ice       28%        3d8       10%         4
e - Summon Ice Beast      Ice/Summ       28%        N/A       10%         4
f - Sandblast             Erth           56%        2d13      1%          1
g - Poisonous Vapours     Pois/Air       56%        N/A       1%          2
h - Wereblood             Tmut           28%        N/A       1%          2
Your spell library was empty.

Dungeon Overview and Level Annotations

Branches:
Dungeon (5/15)             Temple (1/1) D:4           Sewer (visited)

Altars:
Ashenzari
Cheibriados
Elyvilon
Fedhas
Kikubaaqudgha
Makhleb
Okawaru
Qazlal
Sif Muna
Trog
Vehumet
Xom
Yredelemnul
Zin

Shops:
D:2 !   D:4 !

Annotations:
D:5 Menkaure


Innate Abilities, Weirdness & Mutations

You are immune to poison.
Your flesh is very heat resistant. (rF++)
You are vulnerable to cold. (rC-)
You float through the air rather than walking.
You learn spells naturally, not from books.
Your magical power is your life essence.
You have superior vitality. (+4 HP)
You possess an exceptional clarity of mind.
You are strong-willed. (Will+)
You are somewhat resistant to further mutation.


Message History

The acid dragon resists with some effort.
The now-empty wand crumbles to dust.
The wall freezes the acid dragon.
The acid dragon misses you. The acid dragon closely misses you.
You aren't carrying any items that you can evoke.
Casting: Poisonous Vapours (safe; 1% risk of failure)
Confirm with . or Enter, or press ? or * to list all spells.
Aiming: Poisonous Vapours (safe; 1% risk of failure)
Press: ? - help, Dir - move target, f/p - acid dragon
Aim: an acid dragon (lightly wounded)
The acid dragon cannot be affected by poisonous vapours!
Casting: Poisonous Vapours (safe; 1% risk of failure)
Confirm with . or Enter, or press ? or * to list all spells.
Aiming: Freeze (safe; 1% risk of failure)
Press: ? - help, Shift-Dir - straight line, f/p - acid dragon
Aim: an acid dragon (lightly wounded)
You freeze the acid dragon.
The acid dragon is moderately wounded.
The wall freezes the acid dragon.
The acid dragon misses you. You block the acid dragon's attack.
Casting: Freeze (safe; 1% risk of failure)
Confirm with . or Enter, or press ? or * to list all spells.
Aiming: Freeze (safe; 1% risk of failure)
Press: ? - help, Shift-Dir - straight line, f/p - acid dragon
Aim: an acid dragon (heavily wounded)
You freeze the acid dragon.
The acid dragon is severely wounded.
The frozen ramparts melt away.
The acid dragon spits acid at you. The splash of acid hits you!
You are splashed with acid!
* * * LOW HITPOINT WARNING * * *
Casting: Freeze (safe; 1% risk of failure)
Confirm with . or Enter, or press ? or * to list all spells.
Aiming: Freeze (safe; 1% risk of failure)
Press: ? - help, Shift-Dir - straight line, f/p - acid dragon
Aim: an acid dragon (severely wounded, catching its breath)
You freeze the acid dragon.
The acid dragon is severely wounded.
* * * LOW HITPOINT WARNING * * *
The acid dragon bites you!
You die...

". ..... ...Z .....
.... .....# ...
......## .. ..
.......###.... .
.......@D..?.[ +
#####.######. # #..#
# ##.## # #..# # ##.#
..#.....#.# #.#
#.#..$$$#.# #.#
##.#.$_$$#.#
######.###..#$.$..#.#


You could see an acid dragon (catching breath).

Vanquished Creatures
  2 ogres
  A centaur (D:2)
  A kobold brigand (Sewer)
  A scorpion (D:4)
  A bullfrog skeleton (D:4)
  An iguana (D:4)
  10 adders
  A river rat (Sewer)
  6 worms
  4 dart slugs
  6 orcs
  7 bats
  6 endoplasms
  7 giant cockroaches
  5 goblins
  4 hobgoblins
  4 jackals (D:3)
  3 quokkas
  9 ball pythons
  4 frilled lizards
  13 kobolds
  7 rats
103 creatures vanquished.

Vanquished Creatures (others)
  13 plants (D:2)
13 creatures vanquished.

Grand Total: 116 creatures vanquished

Notes
Turn   | Place    | Note
-------+----------+-------------------------------------------
     0 | D:1      | stormannn the Djinni Ice Elementalist began the quest for
                  | the Orb.
     0 | D:1      | Reached XP level 1. HP: 15/15 MP: 0/0
   320 | D:1      | Reached XP level 2. HP: 16/21 MP: 0/0
   702 | D:1      | Found a faded altar of an unknown god.
   721 | D:1      | Reached skill level 1 in Shields
  1149 | D:2      | Reached XP level 3. HP: 18/25 MP: 0/0
  1149 | D:2      | Learned a level 1 spell: Sandblast
  1154 | D:2      | Noticed a centaur
  1393 | D:2      | Found Tifuuc's Distillery.
  1486 | D:1      | Reached skill level 4 in Spellcasting
  2203 | D:2      | Reached XP level 4. HP: 20/31 MP: 0/0
  2557 | D:2      | Killed a centaur
  2558 | D:2      | Reached XP level 5. HP: 20/35 MP: 0/0
  2558 | D:2      | Learned a level 2 spell: Poisonous Vapours
  4302 | D:4      | Noticed an ogre
  4398 | D:4      | Killed an ogre
  4399 | D:4      | Reached XP level 6. HP: 16/40 MP: 0/0
  4755 | D:4      | Gained mutation: You are strong-willed. (Will+) [potion of
                  | mutation]
  4755 | D:4      | Gained mutation: You possess an exceptional clarity of
                  | mind. [potion of mutation]
  4755 | D:4      | Gained mutation: You are somewhat resistant to further
                  | mutation. [potion of mutation]
  4762 | D:4      | Reached skill level 5 in Spellcasting
  5239 | D:4      | Found a staircase to the Ecumenical Temple.
  5291 | D:4      | Found Nuscha Fear's Distillery.
  5337 | Temple   | Entered the Ecumenical Temple
  5403 | Temple   | Became a worshipper of Makhleb the Destroyer
  6032 | D:5      | Entered Level 5 of the Dungeon
  6396 | D:5      | Reached XP level 7. HP: 27/45 MP: 0/0
  6396 | D:5      | Learned a level 2 spell: Wereblood
  6434 | D:5      | Found a glowing drain.
  6438 | Sewer    | Entered a sewer
  6758 | Sewer    | Reached * piety under Makhleb
  7434 | D:5      | Noticed Menkaure
  7435 | D:5      | Found a glowing silver altar of Zin.
  7488 | D:5      | Noticed a wyvern
  7488 | D:5      | an ice beast changed into a wyvern
  7490 | D:5      | a wyvern changed into an acid dragon
  7494 | D:5      | Slain by an acid dragon

Illustrated notes

Levels and vault maps discovered:
D:1:      dpeg_arrival_simpleton_a, layout_rooms,
          ebering_ecumenical_altar_sacrificial
D:2:      layout_rooms, serial_shops, shop, serial_forest,
          infiniplex_forest_lined_3_way, infiniplex_forest_clump_curved,
          infiniplex_forest_lined_ring, infiniplex_forest_straight_2,
          infiniplex_forest_split, minmay_hexomino_u4
D:3:      layout_basic
D:4:      layout_gridville, nicolae_overflow_hidden_temple,
          minmay_temple_entry_statues, serial_shops,
          nicolae_shop_window_shopping
D:5:      layout_basic, amcnicky_altar_gilded, gup_sewer_entry_spiral,
          st_stairs_5, uniq_menkaure
Temple:   nicolae_temple_god_jail

Skill      XL: |  1  2  3  4  5  6 |
---------------+-------------------+-----
Shields        | 1 2 3 4 |  4.0
Spellcasting   | 4 5 |  5.9
Dodging        | 3 4 |  4.6
Stealth        | |  1.5

Action                   |  1- 3 |  4- 6 |  7- 9 || total
-------------------------+-------+-------+-------++-------
Melee: Dagger            |     3 |    33 |    12 ||    48
 Cast: Freeze            |    58 |    80 |    43 ||   181
       Frozen Ramparts   |       |     2 |     2 ||     4
       Ozocubu's Armour  |       |     1 |       ||     1
       Poisonous Vapours |       |     6 |     5 ||    11
       Wereblood         |       |       |     1 ||     1
Evoke: Wand              |       |       |     5 ||     5
  Use: Potion            |       |     5 |       ||     5
 Stab: Sleeping          |       |     1 |       ||     1
Armor: Robe              |     7 |    13 |     4 ||    24
       Skin              |       |     5 |       ||     5
Dodge: Dodged            |    36 |    51 |    27 ||   114
Block: Buckler           |     9 |    29 |     8 ||    46

Table legend: (Time is in decaauts)
 A = Elapsed time spent in this place.
 B = Non-inter-level travel time spent in this place.
 C = Inter-level travel time spent in this place.
 D = Time resting spent in this place.
 E = Time spent auto-exploring this place.
 F = Levels seen in this place.
 G = Mean time per level.
                   A        B        C        D        E       F      G
               +--------+--------+--------+--------+--------+-----+--------+
         Total |   7509 |   7343 |    166 |   3477 |   2782 |   7 | 1072.7 |
       Dungeon |   6494 |   6341 |    153 |   2937 |   2535 |   5 | 1298.8 |
        Temple |     80 |     67 |     13 |      0 |     34 |   1 |   80.0 |
         Sewer |    934 |    934 |      0 |    540 |    213 |   1 |  934.0 |
               +--------+--------+--------+--------+--------+-----+--------+

Top non-repeatable levels by time:
     D:1: 1893 daAuts
     D:4: 1735 daAuts
     D:2: 1334 daAuts
     D:3: 1105 daAuts
   Sewer: 934 daAuts
     D:5: 425 daAuts
  Temple: 80 daAuts
